 Dungeon Crawl Stone Soup version bcrawl-1.17.1 (webtiles) character file.

Game seed: 2469463254504481210

342 Freyura the Cudgeler (level 6, -1/57 HPs)
             Began as a Sand Dwarf Fighter on Oct 13, 2019.
             Slain by a killer bee (3 damage)
             ... on level 4 of the Dungeon.
             The game lasted 00:13:18 (2266 turns).

Freyura the Cudgeler (Sand Dwarf Fighter)           Turns: 2266, Time: 00:13:19

Health: -1/57      AC:  8    Str: 25    XL:     6   Next: 57%
Magic:  6/6        EV:  9    Int:  9    God:
Gold:   338        SH: 10    Dex: 12    Spells: 5/5 levels left

rFire    . . .     SeeInvis .   a - +0 flail
rCold    . . .     Gourm    .   c - +0 shield
rNeg     . . .     Faith    .   b - +0 scale mail
rPois    .         Spirit   .   k - +0 hat
rElec    .         Reflect  .   (no cloak)
rCorr    .         Harm     .   u - +0 pair of gloves
MR       +....                  (no boots)
Stlth    ..........             h - amulet of regeneration
HPRegen  0.59/turn              e - ring of flight
MPRegen  0.10/turn              s - ring of protection from magic

@: mighty, lethally poisoned (-1 -> -27), slow
A: small, slowness 1, armour attunement
a: Evoke Flight


You were on level 4 of the Dungeon.
You were very hungry.

You visited 1 branch of the dungeon, and saw 4 of its levels.

You collected 338 gold pieces.

Inventory:

Hand Weapons
 a - a +0 flail (weapon)
Armour
 b - a +0 scale mail (worn)
 c - a +0 shield (worn)
 k - a +0 hat (worn)
 u - a +0 pair of gloves (worn)
Jewellery
 e - a ring of flight (left hand)
 h - an amulet of regeneration (around neck)
 s - a ring of protection from magic (right hand)
Scrolls
 g - a scroll of immolation
 j - 4 scrolls of remove curse
 l - a scroll of fear {unknown}
 o - a scroll of fog {unknown}
 q - a scroll of teleportation {unknown}
 r - 2 scrolls of enchant armour {unknown}
 t - 2 scrolls of identify {unknown}
 v - a scroll of amnesia {unknown}
 w - a scroll of blinking {unknown}
Potions
 d - a potion of might
 i - 2 potions of brilliance {unknown}
 m - a potion of magic {unknown}
 n - 2 potions of lignification {unknown}
 p - a potion of haste {unknown}
 x - 2 potions of degeneration {unknown}
 z - a potion of invisibility {unknown}
Comestibles
 f - 9 rations {!d}


   Skills:
 * Level 5.6 Fighting
 * Level 6.2 Maces & Flails
 + Level 4.8 Armour
 + Level 3.9 Shields


You had 5 spell levels left.
You didn't know any spells.
Your spell library was empty.

Dungeon Overview and Level Annotations

Branches:
Dungeon (4/12)
 Temple: D:4-7

Altars:


Innate Abilities, Weirdness & Mutations

You are small and have problems with some larger weapons.
You cover ground slowly.
Armour does not affect your spellcasting.


Message History

You feel sick. You block the killer bee's attack.
The killer bee stings you but does no damage.
The killer bee stings you.
* * * LOW HITPOINT WARNING * * *
You are lethally poisoned!
The killer bee poisons you! You block the killer bee's attack. x2
The killer bee stings you!
* * * LOW HITPOINT WARNING * * *
You thump the killer bee!
The killer bee is heavily wounded.
* * * LOW HITPOINT WARNING * * *
You feel very sick. The killer bee barely misses you.
You block the killer bee's attack. x2
The killer bee stings you.
* * * LOW HITPOINT WARNING * * *
You are more poisoned.
The killer bee poisons you!
The killer bee stings you but does no damage.
The killer bee stings you.
You die...

......##.......[...
..
#................
.>.
###...##.........
....
#..###.........
#...# ##..#
##........ #....#
##..## ##.......
#....##...#
###.....
#.⌠?.y#..## ###...
#....y@..# #...
#....#y..## #)..
#.. #...# #... .
#...## #... #...#
#... ...## #...
#... #... #..#


You could see 3 killer bees.

Vanquished Creatures
  A phantom (D:4)
  A hound (D:3)
  An orc priest (D:3)
  An orc wizard (D:2)
  A centaur skeleton (D:3)
  Terence (D:2)
  An adder (D:2)
  3 worms
  5 dart slugs
  3 leopard geckos
  8 orcs
  4 giant cockroaches
  5 goblins
  15 hobgoblins
  10 kobolds
  2 quokkas (D:2)
  2 ball pythons (D:1)
  13 bats
  2 frilled lizards
  3 rats
82 creatures vanquished.

Notes
Turn   | Place    | Note
-------+----------+-------------------------------------------
     0 | D:1      | Freyura the Sand Dwarf Fighter began the quest for the Orb.
     0 | D:1      | Reached XP level 1. HP: 19/19 MP: 1/1
   115 | D:1      | Reached XP level 2. HP: 27/27 MP: 2/2
   577 | D:1      | Reached XP level 3. HP: 32/33 MP: 3/3
  1006 | D:2      | Noticed Terence
  1015 | D:2      | Killed Terence
  1015 | D:2      | Reached skill level 4 in Maces & Flails
  1020 | D:2      | Reached XP level 4. HP: 37/41 MP: 4/4
  1275 | D:2      | Reached skill level 5 in Maces & Flails
  1275 | D:2      | Reached XP level 5. HP: 38/47 MP: 5/5
  1724 | D:3      | Reached skill level 5 in Fighting
  1901 | D:3      | Reached XP level 6. HP: 56/56 MP: 6/6
  2174 | D:4      | Noticed a phantom
  2190 | D:4      | Killed a phantom
  2190 | D:4      | Reached skill level 6 in Maces & Flails
  2266 | D:4      | HP: 2/57 [killer bee (4)]
  2266 | D:4      | Slain by a killer bee

Skill      XL: |  1  2  3  4  5  6 |
---------------+-------------------+-----
Fighting       | 4 5 |  5.6
Maces & Flails | 4 5 6 |  6.2
Armour         | 4 |  4.8
Shields        | |  3.9

Action                   |  1- 3 |  4- 6 || total
-------------------------+-------+-------++-------
Melee: Flail             |    85 |   240 ||   325
  Use: Scroll            |       |     2 ||     2
       Potion            |       |     1 ||     1
  Eat: Chunk             |     1 |     4 ||     5
Armor: Scale mail        |    41 |   119 ||   160
Dodge: Dodged            |    39 |   108 ||   147
Block: Shield            |    57 |   148 ||   205
